 Dungeon Crawl Stone Soup version 0.14-a0-2644-gcc8e764 (webtiles) character file.

15386 deb the Cleaver (level 11, 0/100 HPs)
             Began as a Deep Dwarf Fighter on Feb 16, 2014.
             Was a Priest of the Shining One.
             Killed from afar by an electric eel (4 damage)
             ... with a bolt of electricity
             ... on Level 1 of the Lair of Beasts.
             The game lasted 01:11:25 (11930 turns).

deb the Cleaver (Deep Dwarf Fighter)               Turns: 11930, Time: 01:11:25

HP   0/100       AC 13     Str 21      XL: 11   Next: 94%
MP   0/0         EV  9     Int  9      God: the Shining One [***...]
Gold 482         SH 28     Dex 13 (14) Spells:  0 memorised, 10 levels left

rFire  + + .     SeeInvis .     V - +0 war axe
rCold  + . .     Clarity  .     C - +4 ring mail of Conscience {rF++ rC+ Stlth-}
rNeg   + . .     Conserve .     c - +2 dwarf shield
rPois  .         rCorr    +     (no helmet)
rElec  .         rRot     .     m - +0 cloak
SustAb . .       Spirit   .     (no gloves)
rMut   .         Warding  .     (no boots)
Saprov . . .     Stasis   .     L - amulet of resist corrosion
MR     +....                    (no ring)
                                q - ring of sustenance

@: non-regenerating, glowing, somewhat resistant to hostile enchantments,
extremely unstealthy
A: damage resistance, recharge devices, sense surroundings 2, slow healing 3
a: Device Recharging, Divine Shield, Renounce Religion


You were on level 1 of the Lair of Beasts.
You worshipped the Shining One.
The Shining One was most pleased with you.
You were full.

You visited 3 branches of the dungeon, and saw 15 of its levels.

You collected 709 gold pieces.
You spent 227 gold pieces at shops.

Inventory:

Hand weapons
 g - a +4,+2 spear
 l - a +0,+0 bow
 r - a +1,+0 scythe
 s - a +0 blowgun
 y - the +9,+5 short sword of World's End {drain, Dex+2}
   (You found it on level 2 of the Lair of Beasts)

   A truly terrible weapon, it drains the life of those it strikes.
   It affects your dexterity (+2).
   The Shining One opposes the use of such an evil item.
 D - a +0,+1 orcish crossbow
 V - a +0,+0 war axe (weapon)
 W - a +1,+2 short sword of electrocution
Armour
 c - a +2 dwarven shield (worn)
 e - a +0 leather armour
 h - a +0 robe
 j - a +0 cloak
 m - a +0 cloak (worn)
 C - the +4 ring mail of Conscience (worn) {rF++ rC+ Stlth-}
   (You found it on level 3 of the Lair of Beasts)

   It greatly protects you from fire.
   It protects you from cold.
   It makes you much less stealthy.
 X - a +0 dwarven ring mail
Magical devices
 b - a wand of digging (8)
 d - a wand of heal wounds (0)
 u - a wand of magic darts (17) {unknown}
 B - a wand of random effects (10) {unknown}
 I - a wand of cold (8)
 K - a wand of teleportation (5)
 U - a wand of fire (5)
Comestibles
 f - 5 bread rations
 t - 6 meat rations
 A - a royal jelly
Scrolls
 i - a scroll of acquirement {unknown}
 o - a scroll of torment {unknown}
 p - a scroll of recharging {unknown}
 v - 2 scrolls of immolation {unknown}
 w - 2 scrolls of magic mapping {unknown}
 z - a scroll of fear {unknown}
 E - 4 scrolls of teleportation
 G - 2 scrolls of curse armour {unknown}
Jewellery
 a - a +4 ring of strength {unknown}
 q - a ring of sustenance (left hand)
 L - an amulet of resist corrosion (around neck)
 T - an uncursed amulet of resist mutation
Potions
 n - a potion of brilliance
 Q - 3 potions of might
 S - 2 potions of speed
Miscellaneous
 k - a disc of storms


   Skills:
 + Level 7.4 Fighting
 * Level 13.1 Axes
 + Level 11.2 Armour
 - Level 3.4 Dodging
 - Level 0.6 Stealth
 + Level 9.6 Shields


You had 10 spell levels left.
You didn't know any spells.

Dungeon Overview and Level Annotations

Branches:
Dungeon (11/16)            Temple (1/1) D:6            Lair (3/8) D:8
 Spider (0/5) Lair:3
    Orc: D:9-12       Swamp: Lair:3-6    Shoals: Lair:3-6     Snake: Lair:3-6

Altars:
Ashenzari
Cheibriados
Dithmenos
Elyvilon
Fedhas
Kikubaaqudgha
Makhleb
Nemelex Xobeh
Okawaru
Sif Muna
Trog
Vehumet
Xom
Yredelemnul
Zin
The Shining One

Shops:
D:4 /   D:8 *   D:10 =

Annotations:
D:11 Joseph


Innate Abilities, Weirdness & Mutations

You are resistant to damage.
You can recharge devices by infusing magical energy.
You passively map the area around you.
You do not heal naturally.


Message History

The basilisk bites you.
You slash the basilisk!
The basilisk is severely wounded.
You block the basilisk's attack.
You completely miss the basilisk.
The basilisk is severely wounded.
The basilisk bites you but does no damage.
You slash the basilisk!
You kill the basilisk!
You see here a basilisk corpse.
There is a stone staircase leading down here.
The electric eel shoots out a bolt of electricity!
The bolt of electricity misses you.
The electric eel shoots out a bolt of electricity!
The bolt of electricity hits you!
There are monsters nearby!
There are monsters nearby!
The electric eel shoots out a bolt of electricity!
The bolt of electricity hits you!
You die...

#....## ##. #.....##### #..
##.......#P#####.
#....>%..'....... ###
#.###....P.##.##. #####.#
#.###....#.#####. #....<#####
#..##....#.......
##.####.##.#####.###....#####.#.
#..............@.# #............
##########.###..####....####..%.
***### ##.........+...'...
...........##....#####...
.........###.....* #.... ≈
≈≈≈;≈;≈;;≈ #### #.... ≈
≈≈≈≈≈;≈≈≈;≈≈ * ##... ≈≈≈ ≈
≈≈≈≈≈≈≈≈≈≈≈≈ ##... *
≈≈≈≈≈≈≈≈≈≈≈≈ #....


You could see a giant goldfish, a shark, a big fish and 2 electric eels.

Vanquished Creatures
  Josephine (D:10)
  A hydra (Lair:2)
  Erica (D:10)
  The ghost of CrazyArbalest the Quickloader, an experienced DsHu of Okawaru (Lair:1)
  An unseen horror (D:10)
  3 hill giants
  An item mimic (Lair:2)
  3 spiny frogs
  A centaur zombie (D:10)
  Grinder (D:5)
  The ghost of deb the Chopper, an average DDFi of Dithmenos (D:5)
  5 blink frogs (Lair:3)
  2 two-headed ogres
  A centaur skeleton (D:10)
  A spriggan (D:7)
  A basilisk (Lair:1)
  A trapdoor spider (Lair:3)
  A shadow (D:10)
  7 yaks
  A wraith (D:10)
  A wyvern (D:8)
  2 hungry ghosts
  4 hippogriffs
  2 sky beasts
  An orc warrior (D:9)
  A black bear (D:7)
  2 ice beasts (D:9)
  3 ogres
  4 phantoms
  Sigmund (D:6)
  2 crocodiles
  A big kobold (D:10)
  3 giant slugs
  2 centaurs
  A water moccasin (Lair:2)
  An agate snail (Lair:2)
  8 giant frogs
  A cyclops skeleton (D:10)
  4 killer bees (D:10)
  5 wights (D:8)
  A jelly (D:10)
  5 crimson imps
  A goliath beetle (D:9)
  A hound (Lair:2)
  A quasit (D:10)
  Crazy Yiuf (D:3)
  2 orc priests
  A water moccasin zombie (D:8)
  4 scorpions
  3 orc wizards
  6 iguanas
  5 worker ants
  Ijyb (D:3)
  A sky beast zombie (D:6)
  An ogre skeleton (D:10)
  A big kobold skeleton (D:10)
  A hound zombie (D:7)
  14 adders
  A giant centipede (D:9)
  4 gnolls (D:10)
  5 green rats (Lair:1)
  2 orc skeletons (D:10)
  A giant mite (Lair:2)
  2 worms (D:6)
  2 adder skeletons
  A grey rat (D:1)
  2 giant eyeballs
  4 giant geckos
  An ooze (D:7)
  20 orcs
  12 goblins
  14 hobgoblins
  20 jackals
  13 kobolds
  11 quokkas
  18 bats
  3 giant cockroaches
  6 giant newts
  A kobold skeleton (D:4)
  A quokka skeleton (D:5)
  A quokka zombie (D:9)
  24 rats
  A rat skeleton (D:7)
  A rat zombie (D:4)
  2 fungi
307 creatures vanquished.

Vanquished Creatures (others)
  An adder (D:9)
  An orc (D:9)
  2 bushes (Lair:2)
4 creatures vanquished.

Grand Total: 311 creatures vanquished

Notes
Turn   | Place    | Note
--------------------------------------------------------------
     0 | D:1      | deb, the Deep Dwarf Fighter, began the quest for the Orb.
     0 | D:1      | Reached XP level 1. HP: 20/20 MP: 1/1
   247 | D:1      | Reached XP level 2. HP: 27/27 MP: 2/2
   488 | D:2      | Found a glowing golden altar of the Shining One.
   497 | D:2      | Became a worshipper of the Shining One
   620 | D:2      | Reached XP level 3. HP: 30/34 MP: 3/3
   742 | D:3      | Noticed a giant frog
   751 | D:3      | Killed a giant frog
   751 | D:3      | Reached skill level 1 in Dodging
   751 | D:3      | Reached skill level 4 in Shields
   751 | D:3      | Reached XP level 4. HP: 32/42 MP: 4/4
  1007 | D:3      | Reached XP level 5. HP: 14/49 MP: 5/5
  1068 | D:3      | Noticed Ijyb
  1089 | D:3      | Killed Ijyb
  1108 | D:4      | Found Mallam's Magical Wand Boutique.
  1680 | D:5      | Entered Level 5 of the Dungeon
  1684 | D:5      | Paralysed by a giant eyeball for 4 turns
  1695 | D:5      | Paralysed by a giant eyeball for 4 turns
  1759 | D:5      | Noticed a sky beast
  1760 | D:5      | Noticed Grinder
  1789 | D:6      | Killed a sky beast
  1789 | D:6      | Reached XP level 6. HP: 38/56 MP: 6/6
  2071 | D:7      | Reached skill level 5 in Shields
  2197 | D:7      | Found a shadowy altar of Dithmenos.
  2228 | D:7      | Reached XP level 7. HP: 55/62 MP: 7/7
  2515 | D:8      | Acquired the Shining One's first power
  2533 | D:8      | Noticed a hill giant
  2558 | D:8      | Killed a hill giant
  2558 | D:8      | Reached skill level 7 in Axes
  2558 | D:8      | Reached XP level 8. HP: 28/69 MP: 8/8
  2661 | D:8      | Found Zybifyt's Elemental Accessories.
  2668 | D:8      | Found a staircase to the Lair.
  2681 | Lair:1   | Entered Level 1 of the Lair of Beasts
  2731 | D:8      | Reached skill level 8 in Axes
  2918 | D:8      | Noticed a wyvern
  2939 | D:8      | Killed a wyvern
  2939 | D:8      | Reached skill level 9 in Axes
  3218 | D:8      | Reached skill level 5 in Armour
  3290 | D:8      | Noticed a two-headed ogre
  3301 | D:8      | Killed a two-headed ogre
  3543 | D:8      | Gained mutation: You passively map the area around you. [level up]
  3543 | D:8      | Reached XP level 9. HP: 43/78 MP: 7/7
  4688 | D:9      | Reached skill level 5 in Fighting
  4739 | D:10     | Entered Level 10 of the Dungeon
  4742 | D:10     | Noticed Josephine
  4770 | D:10     | Killed Josephine
  4770 | D:10     | Reached skill level 10 in Axes
  4782 | D:10     | Reached XP level 10. HP: 67/88 MP: 6/6
  4878 | D:10     | Acquired the Shining One's second power
  5245 | D:10     | Paralysed by a giant eyeball for 4 turns
  5351 | D:10     | Noticed Erica
  5371 | D:10     | Killed Erica
  5371 | D:10     | Reached skill level 11 in Axes
  5391 | D:10     | Noticed a hill giant
  5419 | D:10     | Killed a hill giant
  5578 | D:10     | Noticed a hill giant
  5594 | D:10     | Killed a hill giant
  5806 | D:10     | Noticed an unseen horror
  5834 | D:10     | Killed an unseen horror
  5931 | D:10     | Reached skill level 10 in Armour
  5985 | D:10     | Found Smi Kloe's Jewellery Shoppe.
  5995 | D:10     | Bought an uncursed ring of sustenance for 227 gold pieces
  6116 | D:10     | Reached XP level 11. HP: 52/97 MP: 5/5
  6468 | D:11     | Noticed Joseph
  6764 | D:7      | Noticed a spriggan baker
  6787 | D:7      | Killed a spriggan baker
  6965 | D:6      | Noticed an ogre
  6970 | D:6      | Killed an ogre
  7141 | D:6      | Noticed Sigmund
  7162 | D:6      | Killed Sigmund
  7217 | D:6      | Found a staircase to the Ecumenical Temple.
  7237 | Temple   | Entered the Ecumenical Temple
  7629 | D:5      | Noticed deb's ghost (average DDFi)
  7659 | D:5      | Killed deb's ghost
  7659 | D:5      | Reached skill level 12 in Axes
  7702 | D:5      | Killed Grinder
  7756 | D:5      | Found a shimmering altar of Xom.
  7757 | D:5      | Found a shimmering altar of Xom.
  7760 | D:5      | Found a shimmering altar of Xom.
  7760 | D:5      | Found a shimmering altar of Xom.
  7843 | D:5      | Found a white marble altar of Elyvilon.
  8863 | D:3      | Noticed Crazy Yiuf
  8875 | D:3      | Killed Crazy Yiuf
 10104 | Lair:1   | Noticed a spiny frog
 10117 | Lair:1   | Killed a spiny frog
 10167 | Lair:1   | Noticed CrazyArbalest's ghost (experienced DsHu)
 10206 | Lair:1   | Killed CrazyArbalest's ghost
 10432 | Lair:1   | Noticed a spiny frog
 10442 | Lair:1   | Killed a spiny frog
 10928 | Lair:2   | Got an ebony short sword
 10930 | Lair:2   | Noticed an eight-headed hydra
 10939 | Lair:2   | Killed an eight-headed hydra
 10993 | Lair:2   | Identified the cursed +9,+5 short sword of World's End {drain, Dex+2} (You found it on level 2 of the Lair of Beasts)
 11554 | Lair:3   | Reached skill level 13 in Axes
 11593 | Lair:3   | Got a smoking ring mail
 11610 | Lair:3   | Identified the +4 ring mail of Conscience {rF++ rC+ Stlth-} (You found it on level 3 of the Lair of Beasts)
 11724 | Lair:3   | Found a hole to the Spider Nest.
 11751 | Lair:3   | Paralysed by a potion of paralysis for 7 turns
 11913 | Lair:1   | HP: 4/100 [basilisk (4)]
 11930 | Lair:1   | Killed from afar by an electric eel

Action                   |  1- 3 |  4- 6 |  7- 9 | 10-12 || total
-------------------------+-------+-------+-------+-------++-------
Melee: Hand axe          |    69 |   219 |   428 |   446 ||  1162
       War axe           |       |       |       |   387 ||   387
       Spear             |       |       |       |   115 ||   115
Throw: Javelin           |       |     2 |       |     2 ||     4
 Abil: Device Recharging |       |       |     4 |     7 ||    11
Evoke: Wand              |       |     2 |    22 |    36 ||    60
  Use: Scroll            |     1 |     5 |    16 |     6 ||    28
       Potion            |       |     3 |     9 |     8 ||    20
